 Dungeon Crawl Stone Soup version 0.26.1-11-gd32895ea62 (webtiles) character file.

Game seed: 3389604301810644696

1472 Zeld the Magician (level 8, 0/52 HPs)
             Began as an Octopode Fighter on May 11, 2021.
             Was a Follower of Okawaru.
             Slain by a centaur (2 damage)
             ... on level 5 of the Dungeon.
             The game lasted 00:15:10 (10688 turns).

Zeld the Magician (Octopode Fighter)               Turns: 10688, Time: 00:15:11

Health: 0/52       AC:  1    Str: 14 (17) XL:     8   Next: 78%
Magic:  19/19      EV: 11    Int:  9 (10) God:    Okawaru [*.....]
Gold:   189        SH:  8    Dex: 10 (12) Spells: 21/21 levels left

rFire    . . .     SeeInvis .   a - +0 war axe
rCold    . . .     Faith    .   b - +0 kite shield
rNeg     . . .     Spirit   .   (helmet restricted)
rPois    .         Reflect  .   (no amulet)
rElec    .         Harm     .   (no ring)
rCorr    .         Rampage  .   (no ring)
Will     .....                  (no ring)
Stlth    ++........             (no ring)
HPRegen  0.17/turn              (no ring)
MPRegen  0.16/turn              (no ring)
                                (no ring)
                                (no ring)

@: brilliant
A: almost no armour, stealthy swim, amphibious, 8 rings, constrict 8, camouflage
1, gelatinous body 1
a: Renounce Religion, Heroism


You were on level 5 of the Dungeon.
You worshipped Okawaru.
Okawaru was aware of your devotion.
You visited 2 branches of the dungeon, and saw 6 of its levels.

You collected 189 gold pieces.

Inventory:

Hand Weapons
 a - a +0 war axe (weapon)
Missiles
 h - 10 poisoned darts (quivered)
Armour
 b - a +0 kite shield (worn)
Jewellery
 w - an uncursed ring of resist corrosion {unknown}
 A - a +4 ring of evasion {unknown}
Wands
 q - a wand of iceblast (9)
 x - a wand of flame (7)
Scrolls
 e - 7 scrolls of identify {unknown}
 f - 3 scrolls of teleportation {unknown}
 j - 2 scrolls of enchant armour {unknown}
 k - a scroll of magic mapping {unknown}
 m - a scroll of amnesia {unknown}
 o - a scroll of noise {unknown}
 r - 2 scrolls of remove curse {unknown}
 u - a scroll of immolation {unknown}
 v - 3 scrolls of random uselessness {unknown}
 y - a scroll of fog {unknown}
 z - 5 scrolls of enchant weapon {unknown}
Potions
 d - a potion of lignification {unknown}
 g - 5 potions of brilliance
 i - a potion of heal wounds {unknown}
 l - 2 potions of degeneration
 n - a potion of attraction {unknown}
 p - 3 potions of flight {unknown}
 s - a potion of curing {unknown}
 t - 2 potions of haste {unknown}


   Skills:
 - Level 3.3 Fighting
 - Level 2.5 Axes
 - Level 6.0 Throwing
 - Level 3.0 Dodging
 - Level 3.3 Shields
 * Level 7.3 Spellcasting


You had 21 spell levels left.
You didn't know any spells.
Your spell library was empty.

Dungeon Overview and Level Annotations

Branches:
Dungeon (5/15)             Temple (1/1) D:4

Altars:
Ashenzari
Dithmenos
Elyvilon
Gozag
Hepliaklqana
Kikubaaqudgha
Makhleb
Nemelex Xobeh
Okawaru
Qazlal
Ru
Trog
Uskayaw
Wu Jian
The Shining One

Annotations:
D:3 3 runed translucent doors, Wesker33's ghost, amateur MiBe
D:4 2 transporters, Diggabert's ghost, amateur HOFi


Innate Abilities, Weirdness & Mutations

You cannot wear most types of armour.
You are very stealthy in the water. (Stealth+)
You are amphibious.
You can wear up to eight rings at the same time.
You can use your tentacles to constrict eight enemies at once.
Your skin changes colour to match your surroundings (Stealth+).
Your rubbery body absorbs attacks. (AC +1, EV +1)


Message History

You block the centaur's attack. The centaur barely misses you.
You hit the centaur.
The centaur is almost dead.
The centaur hits you.
* * * LOW HITPOINT WARNING * * *
The centaur barely misses you.
You hit the centaur but do no damage.
The centaur is almost dead.
The centaur hits you.
* * * LOW HITPOINT WARNING * * *
The centaur hits you!
* * * LOW HITPOINT WARNING * * *
It was a potion of brilliance.
You feel clever all of a sudden. You block the centaur's attack.
The centaur closely misses you.
It was a potion of degeneration.
There was something very wrong with that liquid.
You feel weakened.
You feel dopey.
You feel clumsy. The centaur hits you.
You die...

##. #.# ...
#.# ..##.# .
..$.#
.........
<......Z#
#...##c#
##...##@#
.......(#
###.###.#
.##.####.###.#
.............#
##.###..###.##
#.## ...# #.#
.#....
###.###.#....


You could see a centaur and a bullfrog skeleton.

Vanquished Creatures
  2 eyes of draining (D:4)
  2 ogres (D:4)
  A gnoll sergeant (D:3)
  6 hounds
  A bullfrog skeleton (D:4)
  3 gnoll shamans (D:3)
  An orc priest (Temple)
  An iguana (D:3)
  3 orc wizards
  A worker ant (D:4)
  41 gnolls
  8 adders
  A white imp (D:5)
  3 worms
  A dart slug (D:1)
  A leopard gecko (D:1)
  15 orcs
  2 ball pythons
  2 giant cockroaches (D:3)
  5 hobgoblins
  20 jackals
  2 quokkas
  6 bats
  5 frilled lizards
  9 goblins
  10 kobolds
  3 rats
155 creatures vanquished.

Vanquished Creatures (others)
  A plant (D:3)
1 creature vanquished.

Grand Total: 156 creatures vanquished

Notes
Turn   | Place    | Note
-------+----------+-------------------------------------------
     0 | D:1      | Zeld the Octopode Fighter began the quest for the Orb.
     0 | D:1      | Reached XP level 1. HP: 16/16 MP: 1/1
   101 | D:1      | Reached XP level 2. HP: 13/21 MP: 2/2
   643 | D:1      | Reached XP level 3. HP: 22/26 MP: 3/3
  1297 | D:2      | Reached skill level 1 in Throwing
  1297 | D:2      | Reached skill level 1 in Spellcasting
  1391 | D:2      | Reached XP level 4. HP: 29/31 MP: 5/5
  1783 | D:2      | Found a shadowy altar of Dithmenos.
  1841 | D:2      | Reached skill level 2 in Spellcasting
  1841 | D:2      | Reached XP level 5. HP: 27/36 MP: 6/8
  3168 | D:3      | Found a stormy altar of Qazlal.
  3257 | D:3      | Found a hide-covered altar of Uskayaw.
  3308 | D:3      | Found a runed translucent gate.
  3308 | D:3      | Found a runed translucent gate.
  3308 | D:3      | Found a runed translucent gate.
  3328 | D:3      | Noticed Wesker33's ghost (amateur MiBe)
  3369 | D:3      | Found a broken altar of Ashenzari.
  3557 | D:3      | Reached XP level 6. HP: 41/42 MP: 10/10
  3567 | D:3      | Reached skill level 3 in Spellcasting
  5306 | D:3      | Reached XP level 7. HP: 43/46 MP: 12/12
  5771 | D:3      | Reached skill level 4 in Spellcasting
  6978 | D:3      | Reached skill level 5 in Throwing
  7509 | D:4      | Found a staircase to the Ecumenical Temple.
  7517 | Temple   | Entered the Ecumenical Temple
  7659 | Temple   | Became a worshipper of Warmaster Okawaru
  7708 | D:3      | Reached skill level 5 in Spellcasting
  8304 | D:3      | Reached XP level 8. HP: 13/52 MP: 15/15
  8968 | D:4      | Found a transporter.
  8969 | D:4      | Noticed Diggabert's ghost (amateur HOFi)
  8971 | D:4      | Found a transporter.
  9251 | D:4      | Reached skill level 6 in Spellcasting
  9331 | D:4      | Found a bloodstained altar of Trog.
 10287 | D:4      | Reached * piety under Okawaru
 10288 | D:4      | Reached skill level 7 in Spellcasting
 10659 | D:5      | Entered Level 5 of the Dungeon
 10686 | D:5      | HP: 2/52 [centaur (9)]
 10688 | D:5      | Slain by a centaur

Illustrated notes

Levels and vault maps discovered:
D:1:      elethiomel_arrival_infinity_welcomes_careful_drivers,
          layout_loops_ring, amcnicky_mini_pool_small
D:2:      layout_basic, general_overflow_altar
D:3:      lemuel_castle_with_subvaults [lemuel_castle_interior_carwin_1],
          layout_basic, lemuel_coloured_pillars_altar, lemuel_doored_altar,
          ashenzari_conservatory_becter, gammafunk_ghost_necromancy
D:4:      layout_basic, trog_eyes_of_draining, minmay_temple_entry_arrows,
          gammafunk_ghost_arena
D:5:      layout_loops_ring, vehumet_crystals, nicolae_overflow_crystal_walls,
          led_sif_book, marbit_many_paths, bloody_makhleb
Temple:   eino_wide_crystal_templ

Skill      XL: |  1  2  3  4  5  6  7  8 |
---------------+-------------------------+-----
Throwing       | 1 2 3 4 5 6 |  6.0
Spellcasting   | 1 2 3 5 7 |  7.3
Fighting       | |  3.3
Axes           | |  2.5
Dodging        | |  3.0
Shields        | |  3.3

Action                   |  1- 3 |  4- 6 |  7- 9 || total
-------------------------+-------+-------+-------++-------
Melee: War axe           |    50 |   152 |   144 ||   346
       Constrict         |    20 |    49 |    38 ||   107
       Tentacles         |     6 |    22 |    25 ||    53
Throw: Dart              |       |       |     8 ||     8
  Use: Potion            |       |       |     3 ||     3
 Stab: Sleeping          |     3 |     9 |     2 ||    14
Armor: Skin              |     3 |     8 |     6 ||    17
Dodge: Dodged            |    25 |    61 |    71 ||   157
Block: Kite shield       |    29 |    77 |    75 ||   181
